 Dungeon Crawl Stone Soup version 0.26.1-11-gd32895ea62 (webtiles) character file.

Game seed: 15179649403496641863

267106 karkarkar the Severer (level 19, 0/185 HPs)
             Began as a Minotaur Berserker on June 30, 2021.
             Was a High Priest of Trog.
             Shot with an arrow by a deep elf master archer (33 damage)
             ... on level 3 of the Elven Halls on July 1, 2021.
             The game lasted 04:01:28 (60138 turns).

karkarkar the Severer (Minotaur Berserker)         Turns: 60138, Time: 04:01:29

Health: 0/185      AC: 31    Str: 30    XL:     19   Next: 34%
Magic:  6/6        EV: 22    Int:  5    God:    Trog [*****.]
Gold:   460        SH:  0    Dex:  9    Spells: 18/18 levels left

rFire    + . .     SeeInvis +   X - +5 executioner's axe (antimagic)
rCold    . . .     Faith    .   (shield currently unavailable)
rNeg     + + .     Spirit   .   J - +5 plate armour {rF+}
rPois    .         Reflect  .   B - +2 hat
rElec    .         Harm     .   e - scarf {repulsion}
rCorr    .         Rampage  .   I - +1 pair of gloves
Will     +++++     Clarity  +   z - +1 pair of boots
Stlth    ..........             C - amulet of the Four Winds {rN+ Will+++ Clar}
HPRegen  1.40/turn              p - ring of the Hare {EV+8}
MPRegen  0.10/turn              y - ring "Uvo Wusch" {rN+ Will++ SInv}

@: regenerating, studying Polearms, repel missiles
A: retaliatory headbutt, horns 2
}: 2/15 runes: serpentine, barnacled
a: Renounce Religion, Berserk, Trog's Hand, Brothers in Arms


You were on level 3 of the Elven Halls.
You worshipped Trog.
Trog was extremely pleased with you.
You visited 7 branches of the dungeon, and saw 33 of its levels.
You visited 1 bazaar.

You collected 3115 gold pieces.
You spent 2655 gold pieces at shops.

Inventory:

Hand Weapons
 a - the +5 flail "Lefos" {antimagic, rN+}
   (You found it on level 13 of the Dungeon)

   It reduces the magical energy of the wielder, and disrupts the spells and
   magical abilities of those hit.
   Natural abilities and divine invocations are not affected.
   It protects you from negative energy.
 W - the +14 obsidian axe {vorpal, +Fly SInv *Curse}
   (You took it off a naga on level 4 of the Snake Pit)

   It inflicts extra damage upon your enemies.
   It lets you see invisible.
   It lets you fly.
   It curses itself when equipped.
 X - a +5 antimagic executioner's axe (weapon)
Missiles
 q - 2 atropa-tipped darts
 u - a datura-tipped dart (quivered)
 P - 13 curare-tipped darts
 Z - 14 silver javelins
Armour
 e - a scarf of repulsion (worn)
 j - the +4 ring mail of Tiraqutyw {rCorr Str-4 Int+4 Dex+4}
   (You took it off an orc on level 4 of the Dungeon)

   It affects your strength (-4).
   It affects your intelligence (+4).
   It affects your dexterity (+4).
   It provides partial protection from all sources of acid and corrosion.
 z - a +1 pair of boots (worn)
 B - a +2 hat (worn)
 I - a +1 pair of gloves (worn)
 J - a +5 plate armour of fire resistance (worn)
Jewellery
 b - an uncursed ring of protection from fire
 m - the amulet of Naah {rF++ Regen+}
   (You bought it in a shop in a bazaar)

   [amulet of regeneration]

   It greatly protects you from fire.
   It increases your rate of regeneration.
 p - the ring of the Hare (left hand) {EV+8}
   (You found it on level 4 of the Shoals)

   [ring of evasion]

   It affects your evasion (+8).
 t - an uncursed ring of protection from cold
 y - the ring "Uvo Wusch" (right hand) {rN+ Will++ SInv}
   (You acquired it on level 2 of the Shoals)

   [ring of see invisible]

   It protects you from negative energy.
   It affects your willpower, your defense against some magical effects.
   It lets you see invisible.
 A - an uncursed ring of positive energy
 C - the amulet of the Four Winds (around neck) {rN+ Will+++ Clar}
   (You bought it in a shop on level 2 of the Orcish Mines)

   [amulet of nothing]

   It protects you from negative energy.
   It affects your willpower, your defense against some magical effects.
   It protects you against confusion.
 N - an uncursed ring of flight
Wands
 r - a wand of digging (14)
 x - a wand of disintegration (23)
 F - a wand of polymorph (13)
 M - a wand of flame (47)
 O - a wand of iceblast (31)
 T - a wand of acid (27)
Scrolls
 c - a scroll of enchant armour
 h - 2 scrolls of fear
 k - 17 scrolls of remove curse
 n - 10 scrolls of teleportation
 s - a scroll of fog
 v - a scroll of torment
 E - 4 scrolls of identify
 K - 6 scrolls of immolation
 Q - 3 scrolls of magic mapping
 S - 3 scrolls of summoning
 U - a scroll of holy word
Potions
 f - 7 potions of might
 g - a potion of invisibility
 i - 5 potions of lignification
 l - 6 potions of flight
 o - 7 potions of attraction
 w - 3 potions of haste
 G - a potion of curing
 H - 4 potions of heal wounds
 L - 5 potions of ambrosia
 R - 2 potions of cancellation
 V - a potion of resistance
 Y - 2 potions of mutation
Books
 D - a manual of Polearms
Miscellaneous
 d - a lightning rod (4/4)


   Skills:
 + Level 20.1 Fighting
 - Level 10.0 Short Blades
 - Level 1.1(6.9) Long Blades
 + Level 20.7(21.0) Axes
 - Level 7.0(15.3) Maces & Flails
 + Level 4.9 Throwing
 + Level 18.5 Armour
 * Level 14.0 Dodging
 * Level 7.6 Stealth
 + Level 1.4 Evocations


You had 18 spell levels left.
You didn't know any spells.
Your spell library was empty.

Dungeon Overview and Level Annotations

Branches:
Dungeon (15/15)            Temple (0/1) D:6            Lair (4/6) D:8
 Shoals (4/4) Lair:4        Snake (4/4) Lair:4          Orc (2/2) D:9
    Elf (3/3) Orc:2        Vaults (1/5) D:13         Depths (0/5) D:15

Altars:
Ashenzari
Fedhas
Gozag
Hepliaklqana
Makhleb
Qazlal
Ru
Sif Muna
Trog
Xom
Zin
Beogh

Shops:
D:13 (   Orc:2 ?(}=   Elf:2 (   Shoals:3 :}**(   Snake:4 }

Annotations:
D:6 3 runed translucent doors, tizbic2's ghost, novice TeGl
D:14 Roxanne
Snake:1 exclusion: oklob plant


Innate Abilities, Weirdness & Mutations

You reflexively headbutt those who attack you in melee.
You have a pair of horns on your head.


Message History

You feel strangely unstable.
The deep elf death mage beckons forth a restless soul!
The tormentor closely misses you. x2
The Tzitzimitl calls on the powers of darkness!
Your body is wracked with pain!
* * * LOW HITPOINT WARNING * * *
The deep elf death mage convulses!
Your surroundings suddenly seem different.
Your skin stops crawling.
You feel less strong-willed.
A deep elf sorcerer comes into view. It is wielding a +0 dagger.
A deep elf master archer comes into view.
The deep elf master archer shouts!
The deep elf master archer wields a +0 longbow.
The deep elf master archer shoots an arrow.
The arrow misses you.
Your skin crawls.
You feel strong-willed.
The deep elf master archer shoots an arrow.
The arrow hits you!!
You die...

......14e. ##
ยง...e.ee.. ##. ....
###)## ###.e ....
##..... #....
....###..)... #....
...##...(.... #....
e...##.....e..
#....###....##.......1
#....@#.....##..(.....
#...........##........
#....(......##......2.
###.......######...31.
##.....## ##..2..
###.### ###4## ### #.#
#############.##
#..........".?..


You could see a deep elf master archer.

Vanquished Creatures
  Saint Roka (Vaults:1)
  Vashnia (Snake:3)
  Bai Suzhen (Snake:4)
  A deep elf blademaster (Elf:2)
  Frances (Elf:1)
  Agnes (Snake:1)
  Kirke (Elf:1)
  Donald (Snake:3)
  10 nagarajas
  Aizul (Snake:3)
  3 deep elf sorcerers
  A deep elf elementalist (Elf:1)
  An ironheart preserver (Vaults:1)
  Azrael (D:14)
  A deep elf annihilator (Elf:2)
  The ghost of Baompy the Basher, a journeyman DrGl of Qazlal (D:14)
  A deep elf death mage (Elf:3)
  2 merfolk javelineers (Shoals:4)
  5 merfolk impalers
  A fire dragon (D:15)
  11 naga warriors
  3 boulder beetles
  5 hydras
  A merfolk avatar (Shoals:4)
  A catoblepas (D:15)
  A merfolk aquamancer (Shoals:4)
  18 anacondas
  A centaur warrior (D:13)
  3 ogre magi
  13 two-headed ogres
  3 satyrs (Shoals:2)
  23 dancing weapons
  A vampire mage (D:15)
  7 shock serpents
  17 naga sharpshooters
  14 deep elf knights
  Sonja (Lair:2)
  A golden dragon zombie (D:15)
  6 skeletal warriors
  A salamander mystic (Snake:4)
  An unseen horror (D:12)
  10 sea snakes
  A wizard (Elf:1)
  12 naga ritualists
  7 deep elf archers
  2 deep trolls (Orc:1)
  3 ironbrand convokers (Vaults:1)
  8 harpies
  4 necromancers
  48 deep elf magi
  2 orc knights
  An iron dragon zombie (D:15)
  A wolf spider zombie (D:15)
  10 mana vipers
  5 orc sorcerers
  2 oklob plants (Lair:4)
  16 ugly things
  16 manticores
  9 fauns
  10 cyclopes
  A sphinx skeleton (Vaults:1)
  11 salamanders
  6 merfolk sirens
  42 black mambas
  2 water nymphs
  A vault sentinel (Vaults:1)
  13 guardian serpents
  An elephant (D:8)
  17 naga magi
  Joseph (D:8)
  3 gargoyles
  7 cane toads
  A frost giant skeleton (D:15)
  4 centaur skeletons
  2 rime drakes
  Maggie (D:7)
  6 komodo dragons
  A guardian mummy (D:15)
  A yaktaur skeleton (Vaults:1)
  17 merfolk
  3 meliai (D:14)
  A hornet (D:8)
  5 wind drakes
  9 trolls
  5 slime creatures (D:14)
  5 blink frogs (Lair:1)
  2 deep troll zombies
  9 snapping turtles
  An ettin skeleton (Vaults:1)
  A centaur simulacrum (D:15)
  Sigmund (D:5)
  2 air elementals
  A shadow (D:13)
  38 yaks
  4 wraiths
  3 hogs (Elf:1)
  A human (shapeshifter) (D:13)
  5 water elementals
  6 wyverns
  Grum (D:9)
  3 basilisks
  Eustachio (D:4)
  4 fire elementals
  A steam dragon (Lair:3)
  7 wargs
  Menkaure (D:7)
  2 acid dragons
  43 nagas
  2 hell hounds (D:14)
  9 water moccasins
  5 ice beasts
  3 phantoms
  28 orc warriors
  A hornet zombie (D:15)
  5 sky beasts
  A black bear (shapeshifter) (D:13)
  4 black bears
  17 centaurs
  28 ogres
  2 boggarts (Elf:1)
  11 wolves
  A human skeleton (Vaults:1)
  2 big kobolds
  14 bullfrogs
  An earth elemental (Elf:1)
  A wyvern skeleton (D:12)
  2 scorpions
  2 jellies
  3 killer bees (D:7)
  9 wights
  2 electric eels (Lair:2)
  4 howler monkeys
  3 quasits
  A human simulacrum (Vaults:1)
  7 hounds
  27 orc wizards
  19 orc priests
  7 bullfrog skeletons
  Natasha (thrice) (D:2)
  6 iguanas
  4 polar bear simulacra (D:13)
  10 worker ants
  4 wolf simulacra (D:13)
  2 hound skeletons
  A howler monkey zombie (D:6)
  A worker ant zombie (D:9)
  12 adders
  2 shadow imps (D:9)
  4 white imps
  3 ufetubi
  An ooze (D:5)
  An adder skeleton (D:7)
  5 worms
  A dart slug (D:4)
  6 leopard geckos
  84 orcs
  2 ball pythons
  8 giant cockroaches
  9 hobgoblins
  18 jackals
  21 kobolds
  2 quokkas
  7 bats
  7 frilled lizards
  10 goblins
  A leopard gecko zombie (D:6)
  8 rats
  3 river rat simulacra (D:13)
1105 creatures vanquished.

Vanquished Creatures (collateral kills)
  A nagaraja (Snake:4)
  An orc warlord (D:9)
  A deep elf elementalist (Elf:3)
  A deep elf annihilator (Elf:3)
  A deep elf demonologist (Elf:3)
  Harold (D:8)
  A naga warrior (Snake:2)
  2 anacondas (Snake:4)
  Erica (D:8)
  A spectral frost giant (D:14)
  A shock serpent (Snake:4)
  A deep elf knight (Elf:2)
  3 naga sharpshooters (Snake:4)
  A spectral yaktaur (D:14)
  A golden dragon zombie (D:14)
  An iron troll (D:13)
  A naga ritualist (Snake:4)
  A faun (Shoals:1)
  A spriggan zombie (D:14)
  A water nymph (Shoals:1)
  A merfolk siren (Shoals:1)
  A guardian serpent (Snake:4)
  A black mamba (Snake:4)
  A merfolk (Shoals:1)
  An ettin zombie (D:14)
  3 yaks (D:9)
  7 nagas
  A tengu zombie (D:14)
  3 orc warriors
  A spriggan simulacrum (D:14)
  2 centaurs (D:12)
  A scorpion (D:8)
  An orc priest (Orc:1)
  5 orcs
52 creatures vanquished.

Vanquished Creatures (others)
  A naga sharpshooter (Snake:3)
  2 nagas
  2 humans (Elf:1)
  A centaur (D:12)
  A bush (Lair:4)
  6 fungi
  39 plants
  13 withered plants (D:15)
65 creatures vanquished.

Grand Total: 1222 creatures vanquished

Notes
Turn   | Place    | Note
-------+----------+-------------------------------------------
     0 | D:1      | karkarkar the Minotaur Berserker began the quest for the
                  | Orb.
     0 | D:1      | Reached XP level 1. HP: 19/19 MP: 0/0
   204 | D:1      | Reached XP level 2. HP: 23/27 MP: 1/1
   558 | D:1      | Reached ** piety under Trog
   702 | D:1      | Reached XP level 3. HP: 32/33 MP: 2/2
   879 | D:2      | Noticed Natasha
   883 | D:2      | Killed Natasha
  1105 | D:2      | Reached XP level 4. HP: 29/41 MP: 3/3
  1410 | D:2      | Reached skill level 5 in Axes
  1456 | D:2      | Found a shimmering blue altar of Sif Muna.
  1890 | D:2      | Noticed Natasha
  1897 | D:2      | Killed Natasha
  1898 | D:2      | Reached XP level 5. HP: 47/47 MP: 4/4
  1947 | D:2      | Noticed Natasha
  1957 | D:2      | Killed Natasha
  2047 | D:3      | Reached *** piety under Trog
  2276 | D:3      | Found a stormy altar of Qazlal.
  2406 | D:3      | Reached XP level 6. HP: 55/55 MP: 5/5
  3089 | D:4      | Reached **** piety under Trog
  3091 | D:4      | Reached skill level 5 in Fighting
  3480 | D:4      | Noticed Eustachio
  3529 | D:4      | Killed Eustachio
  3530 | D:4      | Reached XP level 7. HP: 53/61 MP: 6/6
  3826 | D:4      | Got a twisted cloak
  3838 | D:4      | Identified the -5 cloak "Petumerph" {MP+9} (You found it on
                  | level 4 of the Dungeon)
  3974 | D:4      | Identified the +4 ring mail of Tiraqutyw {rCorr Str-4 Int+4
                  | Dex+4}
  4345 | D:5      | Entered Level 5 of the Dungeon
  4755 | D:5      | Reached skill level 5 in Armour
  4755 | D:5      | Reached XP level 8. HP: 52/70 MP: 7/7
  5115 | D:5      | Noticed Sigmund
  5126 | D:5      | Killed Sigmund
  5368 | D:6      | Found a runed translucent gate.
  5368 | D:6      | Found a runed translucent gate.
  5369 | D:6      | Found a runed translucent gate.
  5370 | D:6      | Noticed tizbic2's ghost (novice TeGl)
  5641 | D:6      | Reached skill level 1 in Stealth
  5657 | D:6      | Found an opulent altar of Gozag.
  5806 | D:6      | Reached skill level 10 in Axes
  5950 | D:6      | Found a shimmering altar of Xom.
  6028 | D:6      | Found a staircase to the Ecumenical Temple.
  6228 | D:6      | Got an iridescent dagger
  6230 | D:6      | Identified the +9 dagger "Saunto" {freeze, rC+} (You found
                  | it on level 6 of the Dungeon)
  6483 | D:7      | Noticed Maggie
  6499 | D:7      | Killed Maggie
  6500 | D:7      | Reached skill level 5 in Dodging
  6500 | D:7      | Reached XP level 9. HP: 37/78 MP: 8/8
  6568 | D:7      | Reached skill level 1 in Short Blades
  7234 | D:7      | Found a sacrificial altar of Ru.
  7236 | D:7      | Found a bloodstained altar of Trog.
  7592 | D:7      | Noticed Menkaure
  7599 | D:7      | Killed Menkaure
  7674 | D:8      | Noticed a red ugly thing
  7693 | D:8      | Killed a red ugly thing
  7897 | D:8      | Found a staircase to the Lair.
  7898 | D:8      | Noticed an elephant
  7952 | D:8      | Reached ***** piety under Trog
  8020 | D:8      | Found a blossoming altar of Fedhas.
  8024 | D:8      | Found a stormy altar of Qazlal.
  8057 | D:8      | Reached XP level 10. HP: 78/88 MP: 9/9
  8128 | D:8      | Noticed Harold
  8185 | D:8      | Killed an elephant
  8202 | D:8      | Killed Harold
  8203 | D:8      | Reached skill level 5 in Short Blades
  8273 | D:8      | Identified Sif Muna's Disquisition on Supportive
                  | Orientation
  8814 | D:8      | Noticed Erica
  8846 | D:8      | Killed Erica
  8859 | D:8      | Reached skill level 1 in Throwing
  9155 | D:8      | Noticed Joseph
  9190 | D:8      | Killed Joseph
  9520 | D:9      | Noticed a two-headed ogre
  9718 | D:9      | Killed a two-headed ogre
  9725 | D:9      | Noticed a two-headed ogre
  9737 | D:9      | Killed a two-headed ogre
  9738 | D:9      | Reached XP level 11. HP: 39/97 MP: 10/10
 10137 | D:9      | Found a burning altar of Makhleb.
 10224 | D:9      | Found a staircase to the Orcish Mines.
 11147 | D:9      | Noticed Grum
 11170 | D:9      | Killed Grum
 11474 | D:10     | Entered Level 10 of the Dungeon
 13197 | D:11     | Noticed a white ugly thing
 13226 | D:11     | Killed a white ugly thing
 13277 | D:11     | Noticed a boulder beetle
 13280 | D:11     | Reached skill level 10 in Fighting
 13310 | D:11     | Killed a boulder beetle
 14114 | D:12     | Noticed a two-headed ogre
 14137 | D:12     | Killed a two-headed ogre
 14138 | D:12     | Reached XP level 12. HP: 101/107 MP: 11/11
 14237 | D:12     | Reached skill level 10 in Armour
 14389 | D:12     | Noticed a boulder beetle
 14425 | D:12     | Killed a boulder beetle
 15059 | D:12     | Reached skill level 10 in Short Blades
 15220 | D:13     | Got an iridescent flail
 15230 | D:13     | Identified the +5 flail "Lefos" {antimagic, rN+} (You found
                  | it on level 13 of the Dungeon)
 15321 | D:13     | Noticed a centaur warrior
 15332 | D:13     | Killed a centaur warrior
 15333 | D:13     | Reached skill level 1 in Maces & Flails
 15692 | D:13     | Noticed a five-headed hydra
 15863 | D:13     | Found a broken altar of Ashenzari.
 15957 | D:13     | Found Putidut's Weapon Shop.
 16357 | D:13     | Killed a one-headed hydra
 16358 | D:13     | Reached skill level 5 in Maces & Flails
 16669 | D:13     | Found a gate to the Vaults.
 16974 | Orc:1    | Entered Level 1 of the Orcish Mines
 17032 | D:9      | Reached skill level 10 in Dodging
 17197 | D:9      | Reached skill level 1 in Long Blades
 17409 | Orc:1    | Noticed an orc warlord
 17439 | D:9      | Killed an orc warlord
 17762 | D:9      | Received a gift from Trog
 18435 | Orc:1    | Reached XP level 13. HP: 105/116 MP: 12/12
 18742 | Orc:1    | Found a roughly hewn altar of Beogh.
 18893 | Orc:2    | Entered Level 2 of the Orcish Mines
 18894 | Orc:2    | Found Ziyrr's Weapon Shoppe.
 20204 | Orc:2    | Reached skill level 15 in Axes
 20214 | Orc:2    | Found Tuteorph's Jewellery Emporium.
 20326 | Orc:2    | Found Vitoisiu's Magic Scroll Boutique.
 20395 | Orc:2    | Found a staircase to the Elven Halls.
 20554 | Orc:2    | Found Suryd's Gadget Shoppe.
 20888 | Orc:2    | Bought the amulet of the Four Winds {rN+ Will+++ Clar} for
                  | 614 gold pieces
 20888 | Orc:2    | Found the amulet of the Four Winds {rN+ Will+++ Clar}
 21011 | Lair:1   | Entered Level 1 of the Lair of Beasts
 21832 | Lair:2   | Noticed Sonja
 21834 | Lair:2   | Killed Sonja
 22102 | Lair:2   | Reached XP level 14. HP: 100/127 MP: 13/13
 24538 | Lair:4   | Found a staircase to the Shoals.
 24841 | Lair:4   | Found a staircase to the Snake Pit.
 25418 | Shoals:1 | Entered Level 1 of the Shoals
 25441 | Shoals:1 | HP: 6/132 [water nymph/the raging water (15)]
 25738 | Snake:1  | Entered Level 1 of the Snake Pit
 25779 | Snake:1  | Noticed Agnes
 25860 | Snake:1  | Killed Agnes
 26450 | Snake:1  | Reached skill level 5 in Stealth
 27495 | D:14     | Found a runed translucent gate.
 27496 | D:14     | Found a runed translucent gate.
 27496 | D:14     | Found a runed translucent gate.
 28149 | D:14     | Reached skill level 15 in Fighting
 28385 | D:14     | Identified a scroll of acquirement
 28386 | D:14     | Acquired a +2 hat
 28431 | D:14     | Reached XP level 15. HP: 118/141 MP: 14/14
 28703 | D:14     | Noticed Azrael
 28721 | D:14     | Killed Azrael
 29065 | D:14     | Noticed Roxanne
 29347 | D:14     | Noticed Baompy's ghost (journeyman DrGl)
 29370 | D:14     | Killed Baompy's ghost
 29401 | D:14     | Identified the cursed +0 pair of gloves of Cyoss {Harm
                  | Str+4} (You found it on level 14 of the Dungeon)
 29544 | D:15     | Entered Level 15 of the Dungeon
 31331 | D:15     | Found a staircase to the Depths.
 33697 | Snake:1  | Found a glowing silver altar of Zin.
 34028 | Snake:2  | Found a hazy altar of Hepliaklqana.
 36759 | Snake:3  | Reached XP level 16. HP: 103/152 MP: 15/15
 38043 | Snake:3  | Noticed Vashnia
 38063 | Snake:3  | Noticed Donald
 38104 | Snake:3  | Killed Donald
 38121 | Snake:3  | HP: 3/152 [naga sharpshooter/arrow[Vashnia] (6)]
 38569 | Snake:4  | Entered Level 4 of the Snake Pit
 39403 | Snake:4  | Acquired a scarf of repulsion
 39700 | Snake:3  | Killed Vashnia
 39701 | Snake:3  | Reached skill level 15 in Armour
 40627 | Snake:4  | Noticed Aizul
 41085 | Snake:3  | Killed Aizul
 41361 | Snake:4  | Reached skill level 1 in Evocations
 41568 | Snake:4  | Noticed Bai Suzhen
 41587 | Snake:4  | HP: 7/155 [something (4)]
 41921 | Snake:4  | Found Qiaty's Gadget Boutique.
 42716 | Snake:4  | Killed Bai Suzhen
 43305 | Snake:4  | Reached XP level 17. HP: 117/161 MP: 16/16
 45183 | Snake:4  | Received a gift from Trog
 46580 | Snake:4  | Got a serpentine rune of Zot
 46863 | Orc:2    | Bought a scroll of identify for 22 gold pieces
 46863 | Orc:2    | Bought a scroll of identify for 22 gold pieces
 46863 | Orc:2    | Bought a scroll of identify for 22 gold pieces
 48686 | Shoals:1 | Received a gift from Trog
 49159 | Shoals:2 | Acquired the ring "Uvo Wusch" {rN+ Will++ SInv}
 50719 | Shoals:3 | Found Saacky's Book Emporium.
 51032 | Shoals:3 | Found Ewnoojik's General Store.
 51049 | Shoals:3 | Bought a scroll of identify for 30 gold pieces
 51049 | Shoals:3 | Bought a +1 pair of boots for 172 gold pieces
 51079 | Shoals:3 | Found Buimuaw's Assorted Antiques.
 51125 | Shoals:3 | Bought a scroll of teleportation for 66 gold pieces
 51125 | Shoals:3 | Bought a scroll of teleportation for 66 gold pieces
 51167 | Shoals:3 | Found Qutojew's Gadget Boutique.
 51276 | Shoals:3 | Reached XP level 18. HP: 130/173 MP: 17/17
 51422 | Shoals:3 | Found Sin Dom's Antique Weapon Emporium.
 51584 | Shoals:4 | Entered Level 4 of the Shoals
 52654 | Shoals:4 | Found the ring of the Hare {EV+8}
 52828 | Shoals:4 | Got a barnacled rune of Zot
 53786 | Vaults:1 | Entered Level 1 of the Vaults
 53827 | Vaults:1 | Noticed Saint Roka
 53846 | Vaults:1 | Killed Saint Roka
 53874 | Vaults:1 | Found a flickering gateway to a bazaar.
 53881 | Bazaar   | Entered a bazaar
 53990 | Bazaar   | Found Ryud's Gadget Emporium.
 54051 | Bazaar   | Found Esoiti's General Store.
 54082 | Bazaar   | Found Poskoeng's Armour Emporium.
 54102 | Bazaar   | Found Dutessel's Antique Armour Shoppe.
 54107 | Bazaar   | Bought a glowing scarf for 304 gold pieces
 54203 | Bazaar   | Found Caerr's Jewellery Shoppe.
 54271 | Bazaar   | Bought a +2 plate armour of fire resistance for 520 gold
                  | pieces
 54342 | Bazaar   | Bought the amulet of Naah {rF++ Regen+} for 817 gold pieces
 54760 | Elf:1    | Entered Level 1 of the Elven Halls
 54762 | Elf:1    | Noticed Kirke
 54775 | Elf:1    | Killed Kirke
 54923 | Elf:1    | Received a gift from Trog
 55220 | Elf:1    | Noticed Frances
 55294 | Elf:1    | Killed Frances
 56672 | Elf:2    | Found Povueh's Weapon Shop.
 56723 | Elf:2    | Found a runed translucent gate.
 56723 | Elf:2    | Found a runed translucent gate.
 56723 | Elf:2    | Found a runed translucent gate.
 56751 | Elf:2    | Got a smoking mace
 56752 | Elf:2    | Identified the cursed +1 mace "Orb Guardian's Regret"
                  | {flame, *Drain rC+ Int+2 Dex+4} (You found it on level 2 of
                  | the Elven Halls)
 57297 | Elf:2    | Received a gift from Trog
 57924 | Elf:2    | Reached XP level 19. HP: 150/163 MP: 6/18
 59212 | Elf:3    | Entered Level 3 of the Elven Halls
 59438 | Elf:3    | Received a gift from Trog
 60120 | Elf:3    | Noticed a Brimstone Fiend
 60122 | Elf:3    | Noticed a Tzitzimitl
 60126 | Elf:3    | Noticed a Tzitzimitl
 60138 | Elf:3    | Shot with an arrow by a deep elf master archer

Illustrated notes

Levels and vault maps discovered:
D:1:      psy_arrival_conway, layout_basic
D:2:      layout_loops_cross, lemuel_blue_sif_altar, uniq_natasha
D:3:      layout_loops_corners, nicolae_qazlal_eye_of_the_storm
D:4:      layout_loops_corners, st_stairs_13, uniq_eustachio
D:5:      layout_loops_corners, solitary_fountain, chequers_decorated_corner,
          uniq_sigmund
D:6:      layout_basic, tgw_xom, grunt_gozag_breadcrumbs,
          minmay_temple_entry_offerings, ebering_ghost_rock_garden
D:7:      layout_basic, gammafunk_temple_overflow_statue, uniq_menkaure,
          uniq_maggie
D:8:      kennysheep_big_flooded_room, layout_basic,
          grunt_temple_overflow_forces_of_nature, david_lair_generic,
          uniq_harold, uniq_joseph, uniq_erica
D:9:      layout_cave_pods, david_orc_1_choice, makhleb_heckhound_becter,
          uniq_grum
D:10:     layout_layer_cave
D:11:     layout_loops_ring
D:12:     layout_rooms, gauntlet_entry_generic
D:13:     layout_basic, david_vaults_4, serial_shops, nicolae_shop_waterfront,
          basic_altar, eino_house_with_fridge
D:14:     layout_irregular_city, hangedman_decor_cross_pass,
          gammafunk_ghost_necromancy, uniq_azrael, uniq_roxanne
D:15:     gammafunk_depths_entry_grave, layout_irregular_city,
          hangedman_weighted_door
Lair:1:   layout_cave_shapes, infiniplex_staircase_pool_2, grunt_megastairs_5,
          lemuel_fruit_tree
Lair:2:   layout_gridlike, infiniplex_staircase_pool, grunt_megastairs_2,
          uniq_sonja
Lair:3:   layout_cave_pods
Lair:4:   layout_regular_city, minmay_shoals_entry_centaurs,
          guppyfry_snake_entry_island, minmay_hedge_maze, st_stairs_10,
          dpeg_oklob_1
Shoals:1: layout_shoals, nicolae_shoals_dead_sea_scrolls
Shoals:2: cheibrodos_shoals_satyrical_garden, layout_shoals
Shoals:3: layout_shoals, serial_shops, shop, shop, shop,
          nicolae_shop_statue_plus, shop
Shoals:4: shoals_end_simple, layout_shoals
Snake:1:  layout_onion, abandoned_shop, nicolae_snake_single_loop,
          lemuel_oklob_altar, serial_bayou_shore_b, serial_bayou_shore_b,
          uniq_agnes
Snake:2:  layout_grid_maze, basic_altar
Snake:3:  layout_misc_corridors, uniq_donald, uniq_vashnia
Snake:4:  grunt_snake_rune_serpentine_throne, layout_cave_town, serial_shops,
          shop_statue, grunt_ministairs_4, uniq_bai_suzhen, uniq_aizul
Orc:1:    layout_caves, basic_altar
Orc:2:    st_orc_open, layout_caves
Elf:1:    layout_loops_cross, hangedman_elf_disciples, uniq_frances, uniq_kirke
Elf:2:    layout_geoelf_octagon, serial_shops, shop
Elf:3:    minmay_elf_hall_hex, layout_onion_city
Vaults:1: vaults_room_door_ring, vaults_mumra_hexcomb, v_misc_24,
          v_alt_pattern_4, nicolae_vaults_angled_halls, v_pattern_4, v_misc_16,
          vaults_dpeg_encased_lava, layout_vaults_quadrants, serial_shops,
          bzr_in_the_mist, uniq_saint_roka

Skill      XL: |  1  2  3  4  5  6  7  8  9 10 11 12 13 14 15 16 17 18 19 |
---------------+----------------------------------------------------------+-----
Axes           | 4 5 6 7 8 10 11 13 15 16 18 19 20 | 20.7
Fighting       | 4 5 6 8 9 10 11 12 15 16 17 18 19 20 | 20.1
Dodging        | 3 4 5 6 8 9 10 12 13 14 | 14.0
Armour         | 3 4 5 6 7 8 9 10 12 14 15 17 18 | 18.5
Stealth        | 1 2 3 4 5 7 |  7.6
Short Blades   | 4 7 9 10 | 10.0
Throwing       | 2 3 4 |  4.9
Maces & Flails | 5 7 |  7.0
Long Blades    | 1 |  1.1
Evocations     | 1 |  1.4

Action                   |  1- 3 |  4- 6 |  7- 9 | 10-12 | 13-15 | 16-18 | 19-21 || total
-------------------------+-------+-------+-------+-------+-------+-------+-------++-------
Melee: Hand axe          |    63 |   138 |       |       |       |       |       ||   201
       Headbutt          |     5 |    24 |    59 |   223 |   308 |   296 |    30 ||   945
       War axe           |       |    54 |   129 |   163 |   847 |   297 |       ||  1490
       Dagger            |       |       |   142 |   476 |    14 |       |       ||   632
       Flail             |       |       |       |    87 |   115 |    42 |       ||   244
       Scimitar          |       |       |       |     6 |    19 |       |       ||    25
       Broad axe         |       |       |       |       |       |   145 |       ||   145
       Battleaxe         |       |       |       |       |       |   531 |       ||   531
       Executioner's axe |       |       |       |       |       |   247 |   158 ||   405
Throw: Javelin           |       |       |       |    15 |    14 |     4 |       ||    33
       Dart              |       |       |       |    11 |    12 |     9 |     1 ||    33
Invok: Berserk           |       |     2 |       |       |       |       |       ||     2
       Trog's Hand       |       |     2 |     5 |    22 |    23 |    21 |     2 ||    75
       Brothers in Arms  |       |       |       |     4 |     3 |     4 |     2 ||    13
 Abil: Evoke Flight      |       |       |       |       |       |     2 |       ||     2
Evoke: Wand              |       |       |       |       |     4 |     6 |       ||    10
  Use: Scroll            |     4 |     6 |     8 |    17 |    17 |    25 |     1 ||    78
       Potion            |       |       |     1 |     2 |     6 |     9 |       ||    18
 Stab: Sleeping          |       |       |       |     2 |     3 |       |       ||     5
       Distracted        |       |       |       |       |     2 |     1 |       ||     3
Armor: Animal skin       |    10 |       |       |       |       |       |       ||    10
       Leather armour    |    13 |    18 |       |       |       |       |       ||    31
       Chain mail        |       |    90 |     9 |       |       |       |       ||    99
       Ring mail         |       |       |   108 |   242 |   159 |       |       ||   509
       Plate armour      |       |       |       |       |   272 |   518 |    78 ||   868
       Skin              |       |       |       |       |       |     2 |       ||     2
Dodge: Dodged            |    49 |    82 |   165 |   628 |   808 |  1003 |   112 ||  2847
       Repelled          |       |       |       |       |       |    52 |     2 ||    54
       Rpst.: Scimitar   |       |       |       |       |     6 |       |       ||     6
